 Dungeon Crawl Stone Soup version 0.30-a0-779-g7971cf19c3 (webtiles) character file.

Game seed: 5344624062902284100

80 LDflipp the Slasher (level 4, -3/41 HPs)
             Began as a Minotaur Monk on Feb 17, 2023.
             Was an Initiate of Gozag.
             Succumbed to an orc wizard's poison
             ... on level 3 of the Dungeon.
             The game lasted 00:07:59 (1952 turns).

LDflipp the Slasher (Minotaur Monk)                 Turns: 1952, Time: 00:08:00

Health: -3/41      AC:  6    Str: 14 (15) XL:     4   Next: 18%
Magic:  3/3        EV: 10    Int:  6 (7)  God:    Gozag
Gold:   138        SH:  0    Dex: 14 (15) Spells: 3/3 levels left

rFire   . . .      SeeInvis +    a - +0 falchion
rCold   . . .      Faith    .    (no shield)
rNeg    . . .      Spirit   .    u - +0 scale mail
rPois   .          Reflect  .    (helmet restricted)
rElec   .          Harm     .    (no cloak)
rCorr   .          Rampage  .    (no gloves)
Will    .....                    (no boots) Stlth
                                 (no amulet)
HPRegen 0.26/turn                h - ring of see invisible
MPRegen 0.08/turn                (no ring)

@: confused, mighty, lethally poisoned (-3 -> -26)
A: horns 2, retaliatory headbutt
a: Renounce Religion, Potion Petition, Call Merchant, Bribe Branch


You were on level 3 of the Dungeon.
You worshipped Gozag.
Gozag was aware of your devotion.
You visited 1 branch of the dungeon, and saw 3 of its levels.

You collected 138 gold pieces.

Inventory:

Hand Weapons
 a - a +0 falchion (weapon)
 t - a +0 short sword of venom
Missiles
 q - a throwing net (quivered)
Armour
 b - a +0 robe
 u - a +0 scale mail (worn)
Magical Staves
 i - a staff of conjuration
Jewellery
 h - a ring of see invisible (left hand)
Scrolls
 d - a scroll of summoning {unknown}
 e - a scroll of vulnerability {unknown}
 j - a scroll of enchant armour {unknown}
 n - 3 scrolls of identify {unknown}
 o - a scroll of blinking {unknown}
 p - 2 scrolls of immolation {unknown}
 r - a scroll of teleportation {unknown}
Potions
 f - a potion of heal wounds {unknown}
 g - a potion of lignification {unknown}
 k - 2 potions of curing {unknown}
 m - 2 potions of mutation {unknown}
 s - a potion of degeneration


   Skills:
 * Level 4.4 Fighting
 * Level 5.1 Long Blades
 + Level 3.7 Dodging
 - Level 1.6 Stealth


You had 3 spell levels left.
You didn't know any spells.
Your spell library was empty.

Dungeon Overview and Level Annotations

Branches:
Dungeon (3/15)

Altars:
Gozag
Trog
The Shining One


Innate Abilities, Weirdness & Mutations

You have a pair of horns on your head.
You reflexively headbutt those who attack you in melee.


Message History

The slug dart hits the orc wizard.
You feel sick.
You barely miss the orc wizard.
The orc wizard is moderately wounded.
You feel less invigorated.
You feel sick.
The orc wizard hits you with a +2 dagger of venom.
You hit the orc wizard. Your headbutt misses the orc wizard.
The orc wizard is heavily wounded.
You feel sick.
The orc wizard hits you with a +2 dagger of venom.
You are more poisoned.
You're too confused to move!
* * * LOW HITPOINT WARNING * * *
You feel very sick.
You bump into the rock wall.
* * * LOW HITPOINT WARNING * * *
You feel very sick.
The orc wizard hits you but does no damage.
The orc closely misses you.
You closely miss the orc wizard. Your headbutt misses the orc wizard.
The orc wizard is moderately wounded.
* * * LOW HITPOINT WARNING * * *
You feel sick.
The orc wizard hits you with a +2 dagger of venom.
* * * LOW HITPOINT WARNING * * *
You are more poisoned.
The orc misses you.
It was a potion of degeneration.
There was something very wrong with that liquid.
You feel weakened.
You feel dopey.
You feel clumsy.
* * * LOW HITPOINT WARNING * * *
You feel very sick.
The orc wizard hits you but does no damage.
You are more poisoned.
The orc barely misses you.
An orc comes into view. It is wielding a +4 short sword.
It was a potion of might.
You feel very mighty all of a sudden.
You die...
Your body crumbles into a pile of gold.

_#........ #.o.......
##.......o? #.####.$$#
#......$.#
#####.).##.# #wgo...#
##o##### #@o.#
#########'#######
######...#...........#
#......_.........<...#
#....................#
#....................#
#....................#
##########...........#
########†..........#


You could see an orc wizard (invisible), a dart slug, 3 orcs and a hobgoblin.

Vanquished Creatures
  2 adders
  A worm (D:2)
  A dart slug (D:3)
  8 ball pythons
  6 endoplasms
  A giant cockroach (D:1)
  4 hobgoblins
  4 jackals (D:2)
  2 quokkas
  5 bats
  3 frilled lizards
  9 goblins
  5 kobolds
  4 rats
55 creatures vanquished.

Vanquished Creatures (others)
  A plant (D:3)
1 creature vanquished.

Grand Total: 56 creatures vanquished

Notes
Turn   | Place    | Note
-------+----------+-------------------------------------------
     0 | D:1      | LDflipp the Minotaur Monk began the quest for the Orb.
     0 | D:1      | Reached XP level 1. HP: 19/19 MP: 0/0
   243 | D:1      | Reached XP level 2. HP: 23/27 MP: 1/1
   385 | D:1      | Reached skill level 4 in Long Blades
  1209 | D:2      | Reached XP level 3. HP: 33/33 MP: 2/2
  1881 | D:3      | Found an opulent altar of Gozag.
  1905 | D:3      | Became a worshipper of Gozag Ym Sagoz the Greedy
  1918 | D:3      | Found a bloodstained altar of Trog.
  1924 | D:3      | Found a glowing golden altar of the Shining One.
  1933 | D:3      | Reached skill level 5 in Long Blades
  1933 | D:3      | Reached XP level 4. HP: 41/41 MP: 3/3
  1952 | D:3      | Succumbed to an orc wizard's poison

Illustrated notes

Levels and vault maps discovered:
D:1:      amcnicky_arrival_single_pillar, layout_basic
D:2:      layout_basic
D:3:      layout_basic, nicolae_gozag_seed_capital,
          gammafunk_temple_overflow_forgotten, ebering_ghost_rock_garden,
          uniq_terence, uniq_natasha, uniq_crazy_yiuf_cottage

Skill      XL: |  1  2  3 |
---------------+----------+-----
Long Blades    | 4 5 |  5.1
Fighting       | 4 |  4.4
Dodging        | |  3.7
Stealth        | |  1.6

Action                     |  1- 3 |  4- 6 || total
---------------------------+-------+-------++-------
  Melee: Falchion          |   117 |    10 ||   127
         Headbutt          |    14 |     1 ||    15
    Use: Potion            |       |     3 ||     3
   Stab: Sleeping          |     6 |       ||     6
 Armour: Robe              |    13 |       ||    13
         Scale mail        |     9 |     5 ||    14
  Dodge: Dodged            |    70 |     9 ||    79

Table legend: (Time is in decaauts)
 A = Elapsed time spent in this place.
 B = Non-inter-level travel time spent in this place.
 C = Inter-level travel time spent in this place.
 D = Time resting spent in this place.
 E = Time spent auto-exploring this place.
 F = Levels seen in this place.
 G = Mean time per level.
                   A        B        C        D        E       F      G
               +--------+--------+--------+--------+--------+-----+--------+
         Total |   1961 |   1928 |     33 |    113 |   1376 |   3 |  653.7 |
       Dungeon |   1961 |   1928 |     33 |    113 |   1376 |   3 |  653.7 |
               +--------+--------+--------+--------+--------+-----+--------+

Top non-repeatable levels by time:
     D:1: 1044 daAuts
     D:2: 831 daAuts
     D:3: 84 daAuts
